 Dungeon Crawl Stone Soup version 0.19.0-11-g3fc08b3 (console) character file.

23 nht the Ducker (level 2, 0/22 HPs)
             Began as a Merfolk Gladiator on Nov 9, 2016.
             Succumbed to an adder's poison
             ... on level 1 of the Dungeon.
             The game lasted 00:01:46 (262 turns).

nht the Ducker (Merfolk Gladiator)                   Turns: 262, Time: 00:01:47

Health: 0/22       AC:  4    Str: 15    XL:     2   Next: 95%
Magic:  2/2        EV: 14    Int:  7    God:
Gold:   42         SH:  0    Dex: 18    Spells: 0 memorised, 1 level left

rFire  . . .     SeeInvis .     a - +0 short sword (elec)
rCold  . . .     Gourm    .     b - +0 leather armour
rNeg   . . .     Faith    .     (no shield)
rPois  .         Spirit   .     c - +0 helmet
rElec  .         Reflect  .     (no cloak)
rCorr  .         Harm     .     (no gloves)
MR     .....                    (no boots)
Stlth  +.........               (no amulet)
                                (no ring)
                                e - +4 ring of dexterity

@: lethally poisoned (0 -> -7)
A: change form in water, swift swim, stealthy swim
a: no special abilities


You were on level 1 of the Dungeon.
You were not hungry.

You visited 1 branch of the dungeon, and saw 1 of its levels.

You collected 42 gold pieces.

Inventory:

Hand Weapons
 a - a +0 short sword of electrocution (weapon)
 j - a +0 long sword
Missiles
 d - 3 throwing nets (quivered)
Armour
 b - a +0 leather armour (worn)
 c - a +0 helmet (worn)
Jewellery
 e - a +4 ring of dexterity (left hand)
Scrolls
 i - a scroll of identify {unknown}
Comestibles
 f - a bread ration
 g - 5 chunks of flesh


   Skills:
 - Level 2.1 Fighting
 + Level 1.9(3.3) Short Blades
 - Level 4.0(4.1) Long Blades
 - Level 2.0 Throwing
 - Level 4.0 Dodging


You had one spell level left.
You didn't know any spells.

Dungeon Overview and Level Annotations

Branches:
Dungeon (1/15)

Altars:
Cheibriados
Hepliaklqana
Makhleb
Sif Muna
Xom


Message History

You barely miss the adder. The adder bites you.
* * * LOW HITPOINT WARNING * * *
It was a potion of magic.
Magic courses through your body.
You feel sick. The adder bites you.
* * * LOW HITPOINT WARNING * * *
You are more poisoned.
The adder poisons you! The adder barely misses you.
Enter note: FUCK OFF Welcome back, nht the Merfolk Gladiator.
Press ? for a list of commands and other information.
You aren't carrying any potions.
* * * LOW HITPOINT WARNING * * *
You feel sick. The adder closely misses you.
You see here 29 stones.
You barely miss the adder.
* * * LOW HITPOINT WARNING * * *
You feel sick. The adder barely misses you. x2
You puncture the adder!
The adder is severely wounded.
You die...

█8.........8██..........█≈
█._..._....÷'(...██████.+§
█8.........8███...█ ███≈
█.......█████ ███.███████≈
█8_..._.█..██ ██........█§
█.8..8.8█...███.........+.
█████████.......).......█§
.██...................██
.......@S..█............
███.█...................
█.....█.█.............).
█.██..█..█)...█.............
....██.██.......█..........
██...........███..██████....
██ ............█ ██.██ █..██
...███...██.███.█
█..█████..██ .█......██..█
█.█████.█........


You could see an adder.

Vanquished Creatures
  An adder (D:1)
  An ooze (D:1)
  A dart slug (D:1)
  A leopard gecko (D:1)
  2 kobolds (D:1)
  2 bats (D:1)
8 creatures vanquished.

Notes
Turn   | Place    | Note
-------+----------+-------------------------------------------
     0 | D:1      | nht the Merfolk Gladiator began the quest for the Orb.
     0 | D:1      | Reached XP level 1. HP: 16/16 MP: 1/1
    29 | D:1      | Found a shimmering altar of Xom.
    31 | D:1      | Found a burning altar of Makhleb.
    31 | D:1      | Found a snail-covered altar of Cheibriados.
    34 | D:1      | Found a deep blue altar of Sif Muna.
    34 | D:1      | Found a hazy altar of Hepliaklqana.
    34 | D:1      | Found a hazy altar of Hepliaklqana.
    68 | D:1      | Reached XP level 2. HP: 21/22 MP: 2/2
   187 | D:1      | Reached skill level 1 in Short Blades
   259 | D:1      | FUCK OFF
   261 | D:1      | HP: 1/22 [poisoned by an adder]
   262 | D:1      | Succumbed to an adder's poison

Skill      XL: |  1  2 |
---------------+-------+-----
Long Blades    | 4 |  4.0
Short Blades   | 1 |  1.9
Fighting       | |  2.1
Throwing       | |  2.0
Dodging        | |  4.0

Action                   || total
-------------------------++-------
Melee: Long sword        ||     9
       Short sword       ||    23
  Use: Potion            ||     1
 Stab: Distracted        ||     1
Armor: Leather armour    ||     8
Dodge: Dodged            ||    26
       Rpst.: Long sword ||     2
